 Dungeon Crawl Stone Soup version 0.30-a0-23-ge60ba3568b (webtiles) character file.

Game seed: 1128062781014878797

102 AttackTheMoon the Grave Robber (level 4, -1/25 HPs)
             Began as a Tengu Necromancer on Aug 24, 2022.
             Was a Follower of Cheibriados.
             Killed by divine providence
             ... invoked by an orc priest
              (16 damage)
             ... on level 3 of the Dungeon.
             The game lasted 00:04:27 (2088 turns).

AttackTheMoon the Grave Robber (Tengu Necromancer)  Turns: 2088, Time: 00:04:28

Health: -1/25      AC:  2    Str: 12    XL:     4   Next: 77%
Magic:  8/9        EV: 13    Int: 20    God:    Cheibriados [*.....]
Gold:   83         SH:  0    Dex: 17    Spells: 5/8 levels left

rFire   + . .      SeeInvis .    d - +2 dagger (drain)
rCold   . . .      Faith    .    (no shield)
rNeg    . . .      Spirit   .    a - +0 robe
rPois   .          Reflect  .    (helmet restricted)
rElec   .          Harm     .    (no cloak)
rCorr   .          Rampage  .    (no gloves)
Will    .....                    (boots unavailable)
Stlth   ++........               e - amulet of regeneration
HPRegen 0.88/turn                f - ring of protection from fire
MPRegen 0.11/turn                (no ring)

@: very slow
A: beak, talons 3
a: Renounce Religion, Bend Time


You were on level 3 of the Dungeon.
You worshipped Cheibriados.
Cheibriados was aware of your devotion.
You visited 1 branch of the dungeon, and saw 3 of its levels.

You collected 83 gold pieces.

Inventory:

Hand Weapons
 d - a +2 dagger of draining (weapon)
Armour
 a - a +0 robe (worn)
Jewellery
 e - an amulet of regeneration (around neck)
 f - a ring of protection from fire (left hand)
Scrolls
 c - 2 scrolls of identify
Potions
 b - a potion of magic


   Skills:
 + Level 1.1 Fighting
 + Level 3.2 Dodging
 - Level 2.5 Stealth
 + Level 2.8 Spellcasting
 + Level 5.0 Necromancy


You had 5 spell levels left.
You knew the following spells:

 Your Spells              Type           Power      Damage    Failure   Level
a - Necrotise             Necr           92%        1d8       1%          1
b - Sublimation of Blood  Necr           23%        N/A       2%          2

Your spell library contained the following spells:

 Spells                   Type           Power      Damage    Failure   Level
 Vampiric Draining        Necr           23%        2d7       5%          3
 Animate Dead             Necr           23%        N/A       19%         4
 Wereblood                Tmut           2%         N/A       22%         2
 Frozen Ramparts          Ice            4%         1d1       41%         3
 Agony                    Necr           23%        N/A       45%         5
 Airstrike                Air            1%         2d(1-17)  82%         4
 Ice Form                 Ice/Tmut       2%         N/A       82%         4
 Summon Ice Beast         Ice/Summ       2%         N/A       82%         4
 Summon Lightning Spire   Summ/Air       2%         N/A       82%         4
 Lightning Bolt           Conj/Air       1%         1d12      99%         5
 Summon Hydra             Summ           1%         N/A       100%        7


Dungeon Overview and Level Annotations

Branches:
Dungeon (3/15)

Altars:
Cheibriados

Shops:
D:1 (


Innate Abilities, Weirdness & Mutations

You have a beak for a mouth.
You have claws for feet.


Message History

An orc comes into view. It is wielding a +0 short sword.
An orc and an orc wizard come into view.
The orc shouts!
The orc wizard shouts!
An orc comes into view. It is wielding a +0 trident.
The orc shouts!
The orc wizard writhes in agony.
The orc shouts!
The orc wizard writhes in agony!
The orc wizard points at you and mumbles some strange words.
You are confused.
You're too confused to cast spells.
You bump into the rock wall.
An orc priest comes into view. It is wielding a +0 sling.
Okay, then.
Found 4 stones.
The orc priest shouts!
You see here 8 gold pieces.
You hit the orc. Your peck misses the orc.
The orc is moderately wounded.
The orc closely misses you. x2
You closely miss the orc wizard. Your kick misses the orc wizard.
You peck the orc wizard, but do no damage.
Your punch misses the orc wizard.
The orc wizard is severely wounded.
The orc wizard closely misses you.
The orc hits you from afar with a +0 trident.
The orc closely misses you. The orc misses you.
Okay, then.
You're too confused to cast spells.
The orc wizard attacks as you move away!
The orc wizard barely misses you.
You feel less confused.
The orc wizard gestures at you while chanting.
The puff of flame hits you. You resist. The orc hits you with a +0 club.
The orc priest begins to cast a cantrip, but forgets the words!
The orc barely misses you.
The orc priest calls down the wrath of Beogh upon you.
Beogh smites you!
Ouch! That really hurt!
You die...

.#. #...... ....
###....# #..#......#
#....#.##.# #...#$o##.#
# #...o##.# .#
#....#.o.#.#########.#
.....###o.o....#......#
.#..#
#...@...........## .(.#
#................# ###
#...<.......)....#
#................#
#................#
...................#
###...............##
###).....#......#
+.##.########.#


You could see an orc priest, an orc wizard and 3 orcs.

Vanquished Creatures
  3 adders
  A worm (D:2)
  A dart slug (D:1)
  7 ball pythons
  5 endoplasms
  A giant cockroach (D:1)
  5 goblins
  8 hobgoblins
  6 jackals
  4 kobolds
  2 quokkas
  6 bats
  3 frilled lizards
  5 rats
57 creatures vanquished.

Vanquished Creatures (collateral kills)
  A dart slug (D:1)
  A hobgoblin (D:2)
2 creatures vanquished.

Grand Total: 59 creatures vanquished

Notes
Turn   | Place    | Note
-------+----------+-------------------------------------------
     0 | D:1      | AttackTheMoon the Tengu Necromancer began the quest for the
                  | Orb.
     0 | D:1      | Reached XP level 1. HP: 10/10 MP: 4/4
    99 | D:1      | Found Ytze's Antique Weapon Boutique.
   237 | D:1      | Reached XP level 2. HP: 15/15 MP: 4/6
   666 | D:1      | Reached XP level 3. HP: 19/19 MP: 3/7
  1186 | D:2      | Learned a level 2 spell: Sublimation of Blood
  1464 | D:2      | Reached XP level 4. HP: 19/24 MP: 2/8
  1649 | D:2      | Found a faded altar of an unknown god.
  1656 | D:2      | Prayed at the altar of an unknown god.
  1656 | D:2      | Became a worshipper of Cheibriados the Contemplative
  1656 | D:2      | Reached * piety under Cheibriados
  1719 | D:2      | Reached skill level 1 in Fighting
  1836 | D:2      | Reached skill level 5 in Necromancy
  2088 | D:3      | Killed from afar by an orc priest

Illustrated notes

Levels and vault maps discovered:
D:1:      mushboom_english_gardens, layout_basic, serial_shops, shop_fountains,
          minmay_misc_feat_more_columns, minmay_close_crescents
D:2:      layout_basic, hellmonk_ecumenical_altar_slurped_away,
          kennysheep_cross_bottleneck, minmay_statues_item
D:3:      layout_rooms, serial_shops, nicolae_square_shop,
          nicolae_shop_hallway_stairs, shop_statue, minmay_misc_feat_encased,
          uniq_robin

Skill      XL: |  1  2  3  4 |
---------------+-------------+-----
Dodging        | 3 |  3.2
Fighting       | 1 |  1.1
Necromancy     | 5 |  5.0
Stealth        | |  2.5
Spellcasting   | |  2.8

Action                   |  1- 3 |  4- 6 || total
-------------------------+-------+-------++-------
Melee: Dagger            |    30 |    12 ||    42
       Kick              |     7 |     3 ||    10
       Peck              |     4 |     3 ||     7
       Punch             |       |     1 ||     1
 Cast: Necrotise         |    43 |    22 ||    65
       Sublimation of Bl |     1 |       ||     1
  Use: Scroll            |     1 |     2 ||     3
 Stab: Sleeping          |     2 |       ||     2
Armor: Robe              |     5 |     4 ||     9
Dodge: Dodged            |    18 |    15 ||    33

Table legend: (Time is in decaauts)
 A = Elapsed time spent in this place.
 B = Non-inter-level travel time spent in this place.
 C = Inter-level travel time spent in this place.
 D = Time resting spent in this place.
 E = Time spent auto-exploring this place.
 F = Levels seen in this place.
 G = Mean time per level.
                   A        B        C        D        E       F      G
               +--------+--------+--------+--------+--------+-----+--------+
         Total |   2184 |   2108 |     76 |    109 |   1651 |   3 |  728.0 |
       Dungeon |   2184 |   2108 |     76 |    109 |   1651 |   3 |  728.0 |
               +--------+--------+--------+--------+--------+-----+--------+

Top non-repeatable levels by time:
     D:1: 1170 daAuts
     D:2: 941 daAuts
     D:3: 72 daAuts
